 Dungeon Crawl Stone Soup version 0.28.0-53-g5a82cb258f (webtiles) character file.

Game seed: 10685059466944221948

39 Saboth the Skirmisher (level 3, 0/39 HPs)
             Began as a Demonspawn Fighter on July 7, 2022.
             Was a Believer of Hepliaklqana.
             Shot with a stone by a goblin (5 damage)
             ... on level 2 of the Dungeon.
             The game lasted 00:04:49 (1158 turns).

Saboth the Skirmisher (Demonspawn Fighter)          Turns: 1158, Time: 00:04:50

Health: 0/39       AC: 21    Str: 16    XL:     3   Next: 26%
Magic:  3/3        EV:  2    Int: 11    God:    Hepliaklqana [**....]
Gold:   59         SH:  4    Dex: 12    Spells: 2/2 levels left

rFire   . . .      SeeInvis .   a - +0 war axe
rCold   . . .      Faith    .   c - +0 buckler
rNeg    . . .      Spirit   .   (armour currently unavailable)
rPois   +          Reflect  .   (helmet currently unavailable)
rElec   .          Harm     .   (cloak currently unavailable)
rCorr   .          Rampage  .   (gloves currently unavailable)
Will    .....      NoTele   +   (boots currently unavailable)
Stlth   +.........              (no amulet)
HPRegen 0.13/turn               (no ring)
MPRegen 0.08/turn               (no ring)

@: tree-form
A: stationary, stasis, torment immunity, boosted hp, reduced essence, foul
stench 1
a: Renounce Religion, Recall Ancestor, Ancestor Identity


You were on level 2 of the Dungeon.
You worshipped Hepliaklqana.
Hepliaklqana was pleased with you.
You were a tree.
You visited 1 branch of the dungeon, and saw 2 of its levels.

You collected 59 gold pieces.

Inventory:

Hand Weapons
 a - a +0 war axe (weapon)
Missiles
 i - 5 boomerangs (quivered)
Armour
 b - a +0 scale mail (melded)
 c - a +0 buckler (worn)
 h - a +2 cloak (melded)
Potions
 d - a potion of might
 e - a potion of attraction {unknown}
 g - a potion of cancellation


   Skills:
 * Level 3.2 Fighting
 * Level 2.0 Axes
 * Level 0.1 Throwing
 * Level 3.1 Armour
 * Level 0.6 Dodging
 * Level 0.5 Stealth
 * Level 3.0 Shields
 * Level 0.6 Invocations


You had 2 spell levels left.
You didn't know any spells.
Your spell library was empty.

Dungeon Overview and Level Annotations

Branches:
Dungeon (2/15)

Altars:
Hepliaklqana


Innate Abilities, Weirdness & Mutations

You are a tree.
Your roots penetrate the ground, keeping you stationary.
You cannot be teleported.
You are immune to unholy pain and torment.
Your maximum health is greatly increased.
Your equipment is partially melded.
Your life essence is reduced to manifest your ancestor. (-10% HP)
You may rarely emit foul miasma when damaged in melee.


Message History

The adder bites you.
Ruval hits the adder with a +0 quarterstaff!
The adder dies!
The goblin shoots a stone.
The stone hits you.
* * * LOW HITPOINT WARNING * * *
Your Shields skill increases to level 3!
It was a potion of cancellation.
You feel magically purged.
You feel sick.
The goblin shoots a stone.
The stone barely misses you.
It was a potion of lignification.
You turn into a tree.
Your +2 cloak melds into your body.
Your +0 scale mail melds into your body.
Your roots penetrate the ground.
You feel sick.
Throw: 5 boomerangs
Press: ? - help, Q - select action, (/) - cycle Shift-Dir - straight line, f - goblin
Aim: a goblin, wielding a +0 hunting sling and quivering stones (ally target, 50% to hit)
You throw a boomerang. The boomerang barely misses the goblin.
You feel sick.
The goblin shoots a stone.
The stone barely misses you.
The goblin shoots a stone.
The stone misses Ruval.
The stone hits you but does no damage. What are your orders? t - Creak!
Orders for allies: a - Attack new target. p - Attack previous target. r - Retreat! s - Stop attacking. g - Guard the area. f - Follow me.
Anything else - Cancel.
Gang up on whom?
Press: ? - help, Dir - move target, f/p - goblin
Aim: a goblin, wielding a +0 hunting sling and quivering stones (ally target) Attack!
You feel sick.
Ruval closely misses the goblin.
The goblin shoots a stone.
The stone barely misses Ruval.
The stone hits you but does no damage.
Throw: 5 boomerangs
Press: ? - help, Q - select action, (/) - cycle Shift-Dir - straight line, f/p - goblin
Aim: a goblin, wielding a +0 hunting sling and quivering stones (ally target, 50% to hit)
You throw a boomerang. Ruval avoids your attack.
The boomerang hits the goblin.
The goblin is severely wounded.
You feel sick.
You are no longer poisoned.
The goblin shoots a stone.
The stone misses Ruval.
The stone hits you.
You die...

.##.# # .##.# ##.....##
.##.##.# ##.......## .##.#...
###.........# .##.....
.'....g....+ .(......
#....R....# .##.##.# #.......#
.......# #.....# ..###..#
#.♣.# ..# #..# ##'#########
..###..# #.........#
.......###### #.#######.#
............# ##.#######.###.#
####.#......###..............#
#.#......##.....#.##..#####
#........###...##.##..#
###......# ##.###.##..#


You could see the friendly Ruval the battlemage and a goblin (ally target).

Vanquished Creatures
  An adder (D:2)
  3 ball pythons (D:1)
  A bat (D:1)
  An endoplasm (D:1)
  A hobgoblin (D:1)
  2 kobolds (D:1)
  A frilled lizard (D:1)
  4 rats (D:1)
14 creatures vanquished.

Vanquished Creatures (collateral kills)
  An adder (D:2)
  A goblin (D:1)
  A kobold (D:2)
  2 quokkas (D:1)
  A ball python (D:2)
  A bat (D:2)
7 creatures vanquished.

Vanquished Creatures (others)
  6 plants (D:1)
  8 withered plants (D:1)
14 creatures vanquished.

Grand Total: 35 creatures vanquished

Notes
Turn   | Place    | Note
-------+----------+-------------------------------------------
     0 | D:1      | Saboth the Demonspawn Fighter began the quest for the Orb.
     0 | D:1      | Reached XP level 1. HP: 18/18 MP: 1/1
    22 | D:1      | Found a faded altar of an unknown god.
    44 | D:1      | Prayed at the altar of an unknown god.
    44 | D:1      | Became a worshipper of Hepliaklqana the Forgotten
    44 | D:1      | Reached * piety under Hepliaklqana
   192 | D:1      | Gained mutation: You may rarely emit foul miasma when
                  | damaged in melee. [demonic ancestry]
   192 | D:1      | Reached XP level 2. HP: 6/21 MP: 2/2
   559 | D:1      | Reached ** piety under Hepliaklqana
   560 | D:1      | Remembered your ancestor Ruval as a battlemage
  1098 | D:2      | Reached XP level 3. HP: 26/26 MP: 3/3
  1158 | D:2      | Shot with a stone by a goblin

Illustrated notes

Levels and vault maps discovered:
D:1:      minmay_arrival_checkered_box, layout_basic,
          shapermc_ecumenical_altar_flowoftime
D:2:      layout_loops_corners, grunt_ministairs_11

Skill      XL: |  1  2  3 |
---------------+----------+-----
Armour         | 3 |  3.1
Axes           | 2 |  2.0
Shields        | 3 |  3.0
Fighting       | |  3.2
Throwing       | |  0.1
Dodging        | |  0.6
Stealth        | |  0.5
Invocations    | |  0.6

Action                   || total
-------------------------++-------
Melee: War axe           ||    49
Throw: Boomerang         ||     2
Invok: Ancestor Identity ||     1
       Ancestor Life: Ba ||     1
  Use: Scroll            ||     2
       Potion            ||     2
Armor: Scale mail        ||    23
       Skin              ||     2
Dodge: Dodged            ||    23
Block: Buckler           ||    11
